 Zot Defence DCSS version 0.15.2 (webtiles) character file.

600 Jojonuck the Shield-Bearer (level 7, 0/1 (56) HPs)
             Began as a Formicid Fighter on July 21, 2019.
             Was a Follower of Makhleb.
             Rotted away (a polar bear)
             ... in the Realm of Zot (Scenario V: Glassed Sandwich).
             The game lasted 00:09:23 (838 turns).

Jojonuck the Shield-Bearer (Formicid Fighter)        Turns: 838, Time: 00:09:23

HP   0/1 (56)    AC  7     Str 23      XL: 7   Next: 69%
MP   9/9         EV  8     Int  7      God: Makhleb [*.....]
Gold 0           SH 10     Dex 10      Spells:  0 memorised,  6 levels left

rFire  . . .     SeeInvis +     a - +0 long sword
rCold  . . .     Clarity  .     b - +0 scale mail
rNeg   . . .     rCorr    .     c - +0 shield
rPois  .         rRot     .     (helmet unavailable)
rElec  .         Spirit   .     (no cloak)
SustAb .         Warding  .     (no gloves)
rMut   .         Stasis   +     (no boots)
Gourm  .                        (no amulet)
MR     .....                    (no ring)
                                (no ring)

@: drained, not resistant to hostile enchantments, extremely unstealthy
A: permanent stasis, dig shafts and tunnels, four strong arms, antennae 3
a: Make oklob sapling, Make arrow trap, Make plant, Remove Curse, Make burning
bush, Make altar, Make grenades, Make oklob plant, Dig, Renounce Religion


You were in the Realm of Zot.
You worshipped Makhleb.
Makhleb was aware of your devotion.
You were not hungry.

You visited 1 branch

Inventory:

Hand weapons
 a - a +0 long sword (weapon)
Missiles
 l - 2 stones (quivered)
Armour
 b - a +0 scale mail (worn)
 c - a +0 shield (worn)
Magical devices
 m - a wand of confusion (5) {unknown}
Comestibles
 f - a bread ration
Potions
 d - 3 potions of curing
 e - a potion of might
 i - 2 potions of magic


   Skills:
 + Level 5.1(4.8) Fighting
 + Level 3.8(3.4) Long Blades
 + Level 5.1(4.8) Armour
 + Level 1.7(1.4) Dodging
 + Level 6.1(5.7) Shields


You had 6 spell levels left.
You didn't know any spells.

Dungeon Overview and Level Annotations

Branches:
    Zot (1/1)

Altars:
Makhleb


Innate Abilities, Weirdness & Mutations

Your are under a permanent stasis effect.
You can dig through walls and to a lower floor.
Your four strong arms can wield two-handed weapons with a shield.
You have a pair of large antennae on your head (SInv).


Message History

Your flesh rots away as the Orb of Zot is desecrated. x4
Your oklob sapling spits acid at the polar bear.
The splash of acid hits the polar bear.
The polar bear writhes in agony as its flesh is eaten away!
Your flesh rots away as the Orb of Zot is desecrated. x2
The polar bear bites your oklob sapling.
The polar bear claws your oklob sapling but does no damage. x2
A black bear comes into view.
You barely miss the polar bear.
Your flesh rots away as the Orb of Zot is desecrated.
The polar bear is almost dead.
Your flesh rots away as the Orb of Zot is desecrated. x2
Unknown command.
Your flesh rots away as the Orb of Zot is desecrated.
You slash the polar bear!
Your flesh rots away as the Orb of Zot is desecrated.
The polar bear is almost dead.
Your flesh rots away as the Orb of Zot is desecrated.
Ouch! That really hurt!
You die...

.................................
▓▓▓▓▓▓▓▓▓▓▓▓▓▓▓▓▓▓▓▓▓▓▓▓▓▓▓▓▓▓▓▓▓
..............h.%................
.............▓▓)▓▓...............
............▓▓.).▓▓..............
...........▓▓....%▓▓.............
..........▓▓.).)...▓▓............
.........▓▓P...().)P▓▓...........
▓▓▓▓▓▓▓▓▓▓....._@....▓▓▓▓▓▓▓▓▓▓▓▓
∆∆∆∆∆$▓▓▓▓▓▓▓▓PhP▓▓▓▓▓▓▓▓▓:%?∆∆∆∆
▓▓▓▓▓▓▓▓▓▓..P..h%.%..▓▓▓▓▓▓▓▓▓▓▓▓
.........▓▓...h)....▓▓...........
..........▓▓.......▓▓............
...........▓▓..h..▓▓.............
............▓▓.).▓▓..............
.............▓▓)▓▓...............
..............).%................


You could see 3 polar bears, 2 black bears, a friendly burning bush and 4
friendly oklob saplings.

Vanquished Creatures
  A centaur (Zot)
  2 hounds (Zot)
  2 orange rats (Zot)
  A giant mite (Zot)
  2 oozes (Zot)
  3 bats (Zot)
  5 rats (Zot)
16 creatures vanquished.

Vanquished Creatures (collateral kills)
  A big kobold (Zot)
  A hound (Zot)
  An orange rat (Zot)
  Ijyb (Zot)
  Jessica (Zot)
  A gnoll (Zot)
  A giant gecko (Zot)
  An orc (Zot)
  7 goblins (Zot)
  A jackal (Zot)
  2 ball pythons (Zot)
  5 bats (Zot)
  A giant newt (Zot)
  8 kobolds (Zot)
  14 rats (Zot)
46 creatures vanquished.

Grand Total: 62 creatures vanquished

Notes
Turn   | Place    | Note
--------------------------------------------------------------
     0 | Zot      | Jojonuck, the Formicid Fighter, began the quest for the Orb.
     0 | Zot      | Reached XP level 1. HP: 18/18 MP: 1/1
   238 | Zot      | Reached XP level 2. HP: 16/16 MP: 3/3
   241 | Zot      | Noticed Jilidonnosh
   254 | Zot      | Killed Jilidonnosh the hound
   254 | Zot      | Reached skill level 4 in Armour
   254 | Zot      | Reached XP level 3. HP: 10/22 MP: 4/4
   254 | Zot      | Reached XP level 4. HP: 13/29 MP: 5/5
   346 | Zot      | Noticed Clannuj
   355 | Zot      | Killed Clannuj the centaur
   355 | Zot      | Reached skill level 1 in Dodging
   355 | Zot      | Reached skill level 5 in Shields
   355 | Zot      | Reached XP level 5. HP: 20/33 MP: 7/7
   355 | Zot      | Reached XP level 6. HP: 23/39 MP: 8/8
   504 | Zot      | Became a worshipper of Makhleb the Destroyer
   544 | Zot      | Reached XP level 7. HP: 45/45 MP: 9/9
   550 | Zot      | Reached skill level 5 in Armour
   564 | Zot      | Noticed Jessica
   576 | Zot      | Killed Jessica
   670 | Zot      | Reached skill level 5 in Fighting
   670 | Zot      | Reached skill level 6 in Shields
   764 | Zot      | Noticed Ijyb
   764 | Zot      | Acquired Makhleb's first power
   776 | Zot      | Killed Ijyb
   815 | Zot      | Noticed a polar bear
   834 | Zot      | Noticed a polar bear
   835 | Zot      | Noticed a polar bear
   838 | Zot      | Rotted away (a polar bear)

Action                   |  1- 3 |  4- 6 |  7- 9 || total
-------------------------+-------+-------+-------++-------
Melee: Long sword        |    15 |    13 |    36 ||    64
 Abil: Dig               |     1 |     1 |     1 ||     3
       Make oklob saplin |       |     4 |       ||     4
       Make altar        |       |     1 |       ||     1
       Make burning bush |       |       |     1 ||     1
  Use: Potion            |       |       |     1 ||     1
 Stab: Distracted        |       |     1 |     1 ||     2
